Cool Beans, neutral female sylph Healer -- --- --- -- --.--.-- ----.| . |......| ----- --- ---....------ . |......| --- |....----..| |...........| . -....-----.-- |......|... |...-------.--- .| ---....--...| -.......- |.--- |...|---- .| --..h....- -......| #.| ----.--..|------ .| ---..@..----------...-- |.| |........--....|--- .| --#......G..........- |.# |..............--.--.| #....#-------......| |.| ----.................-- -##..- --.--..| #.| --.................| |... --- --- |.# |.................--- ---.- |.| ----...........>....-- .. -.| --................--- -- |.-- |..................| |. ----...............-- -- -.?................| |..--..--....|......| |..|-------.---.----- ---- --- -- Cool Beans the Rhizotomist Experience level: 2 Strength: 8 Dexterity: 10 Constitution: 15 Intelligence: 10 Wisdom: 17 Charisma: 16 Health: 15(23) Energy: 19(19) Def: 0 Gold: 1737 Moves: 1227 Dungeon seed: -F_z2T1umuXGzkrV Game ID: Cool Beans_1516808614 Your Inventory: Coins $ - 1737 gold pieces Weapons a - an uncursed +0 scalpel (weapon in hand) s - an uncursed +0 arrow (alternate weapon; not wielded) Armor e - an uncursed +1 pair of leather gloves r - an uncursed +0 elven mithril-coat Comestibles j - 7 blessed eucalyptus leaves k - 2 blessed sprigs of wolfsbane l - 3 blessed cloves of garlic z - 2 uncursed melons Spellbooks g - a blessed spellbook of healing h - a blessed spellbook of extra healing i - a blessed spellbook of stone to flesh Potions c - 4 uncursed potions of healing d - 4 uncursed potions of extra healing o - an uncursed potion of gain energy A - an uncursed potion of confusion Rings t - a cursed ring of teleportation (on left hand) Wands f - an uncursed wand of sleep (0:3) Tools b - an uncursed stethoscope p - an uncursed magic harp (0:0) Gems n - an uncursed worthless piece of white glass q - an uncursed aquamarine Spells and supernatural/magical abilities: Name Level Category Fail Memory h - healing 1 healing 0% 94% x - extra healing 3 healing 98% 94% S - stone to flesh 3 healing 100% 94% W - pray for help -- divine ? -- Your skills at the end: Miscellaneous Skills wands [Basic] Weapon Skills knife [Basic] Spellcasting Skills healing spells [Basic] Final Attributes: You were devoutly aligned. You were poison resistant. You saw invisible. You were stealthy. You could teleport. You were protected from shape changers. You survived. Vanquished creatures: 2 gnomish wizards a dwarf 3 gnomes a kobold 3 newts a goblin 3 sewer rats 5 grid bugs a lichen a kobold zombie 21 creatures vanquished. Voluntary challenges: You followed a strict vegan diet. You did not cause conflict. You were not invisible. You did not have reflection. You were not displaced. You were an atheist. You used a wielded weapon 20 times, starting on turn 17. You did not use containers. You did not apply a unicorn horn. You did not use plumbed fixtures. You did not drink any magical draughts. You read items or engraved 1 time, starting on turn 1168. You never genocided any monsters. You never polymorphed an object. You never changed form. You used no wishes. You never split a pudding. You never wrote Elbereth's name. You never violated your personal moral code. Dungeon overview: The Dungeons of Doom: levels 1 to 2 Level 1 a long staircase Level 2 a general store, an altar to Poseidon stairs to The Gnomish Mines The Gnomish Mines: levels 3 to 4 Level 3 stairs to The Dungeons of Doom Level 4 <- You were here History has recorded: On T:1 you entered the Dungeons of Doom to retrieve the Amulet of Yendor! On T:519 you reached level 2 of The Dungeons of Doom. On T:963 you reached level 1 of The Gnomish Mines. On T:1070 you reached level 2 of The Gnomish Mines. On T:1117 you advanced to experience level 2. Score breakdown: Gold: 152 ( 15 points) Experience: 2 levels ( 100 points) Exploration: 4 levels ( 90 points) Discoveries: 5 items ( 250 points) Variety of kills: 10 monsters ( 500 points) Major goal: (nothing yet) ( 0 points) Survival: quit (score multiplied by 3) Total score: 2865 Latest messages: As you read the scroll, it disappears. This is an identify scroll. t - a cursed ring of teleportation. Never mind. You are now wearing a ring of teleportation. You are carrying too much to get through. (4x) The gecko bites! You hear a distant squeak. The gecko bites! (4x) You hear crashing rock. You hear a distant squeak. (2x) The dwarf swings her pick-axe at you. The dwarf hits you! You hear a distant squeak. (3x) The dwarf swings her pick-axe at you. The dwarf hits you! The dwarf swings her pick-axe at you. The dwarf hits you! To quit the game, use the 'save' command (typically on 'S'). Final status: Goodbye Cool Beans the Healer, quit... You quit in The Gnomish Mines on dungeon level 4 with 2865 points, and 1737 pieces of gold, after 1227 moves. You were level 2 with a maximum of 23 hit points when you quit.